 Dungeon Crawl Stone Soup version 0.30-a0-476-g330ca2eb8e (webtiles) character file.

Game seed: 14101162100056681938

24791 ragingrage the Geomancer (level 12, -4/69 HPs)
             Began as a Deep Elf Earth Elementalist on Dec 21, 2022.
             Was an Initiate of Gozag.
             Splashed by a brown ugly thing's acid (7 damage)
             ... on level 14 of the Dungeon.
             The game lasted 00:22:39 (16933 turns).

ragingrage the Geomancer (DEEE)                    Turns: 16933, Time: 00:22:40

Health: -4/69      AC:  4    Str:  5    XL:     12   Next: 83%
Magic:  4/37       EV: 17    Int: 29    God:    Gozag
Gold:   1181       SH:  6    Dex: 22    Spells: 10/31 levels left

rFire   + . .      SeeInvis .    o - +1 dagger (venom)
rCold   . . .      Faith    .    Y - +0 buckler
rNeg    + . .      Spirit   .    Q - +4 leather armour of Leaves {rF+ rN+}
rPois   +          Reflect  .    n - +0 helmet
rElec   .          Harm     .    J - +0 cloak {Will+}
rCorr   .          Rampage  .    R - +0 pair of gloves
Will    ++...                    m - +0 pair of boots
Stlth   +++++.....               U - amulet "Ischis" {Acrobat Int+3 Dex+7}
HPRegen 0.31/turn                v - ring of poison resistance
MPRegen 0.25/turn                F - ring of magical power

@: corroded, gold aura
A: no striking features
a: Renounce Religion, Potion Petition, Call Merchant, Bribe Branch


You were on level 14 of the Dungeon.
You worshipped Gozag.
Gozag was most pleased with you.
You visited 2 branches of the dungeon, and saw 16 of its levels.
You also visited: Bailey.

You collected 2184 gold pieces.
You spent 336 gold pieces at shops.
You paid 667 gold pieces to Gozag.

Inventory:

Hand Weapons
 o - a +1 dagger of venom (weapon)
Missiles
 q - 3 throwing nets
 s - 42 poisoned darts
 S - 5 curare-tipped darts
Armour
 m - a +0 pair of boots (worn)
 n - a +0 helmet (worn)
 J - a +0 cloak of willpower (worn)
 N - a +3 leather armour of cold resistance
 Q - the +4 leather armour of Leaves (worn) {rF+ rN+}
   (You found it on level 11 of the Dungeon)

   rF:        It protects you from fire.
   rN:        It protects you from negative energy.
 R - a +0 pair of gloves (worn)
 Y - a +0 buckler (worn)
Jewellery
 a - a ring of protection from cold
 v - a ring of poison resistance (left hand)
 F - a ring of magical power (right hand)
 P - a ring of willpower
 U - the amulet "Ischis" (around neck) {Acrobat Int+3 Dex+7}
   (You found it in a bailey)

   [amulet of the acrobat]

   It increases your evasion while moving and waiting.
   Int:       It affects your intelligence (+3).
   Dex:       It affects your dexterity (+7).
Wands
 w - a wand of roots (9)
 D - a wand of mindburst (11)
 L - a wand of polymorph (7)
 M - a wand of acid (6)
 Z - a wand of flame (6)
Scrolls
 f - 5 scrolls of fear
 j - 4 scrolls of teleportation
 r - 2 scrolls of poison
 t - a scroll of amnesia {unknown}
 A - a scroll of brand weapon
 B - a scroll of vulnerability {unknown}
 C - 4 scrolls of fog
 E - a scroll of acquirement {unknown}
 G - a scroll of enchant weapon {unknown}
 H - 5 scrolls of blinking
 I - a scroll of torment {unknown}
 K - a scroll of enchant armour {unknown}
 T - 2 scrolls of magic mapping {unknown}
 V - 2 scrolls of summoning
Potions
 b - 4 potions of magic
 c - 2 potions of resistance
 d - 2 potions of haste
 e - a potion of mutation {unknown}
 g - 7 potions of curing
 h - 3 potions of berserk rage
 i - 2 potions of lignification {unknown}
 l - 3 potions of brilliance {unknown}
 u - a potion of might
 x - 2 potions of ambrosia {unknown}
 y - 2 potions of flight {unknown}
 z - a potion of attraction {unknown}
 O - a potion of heal wounds {unknown}
 W - a potion of invisibility {unknown}
 X - 2 potions of cancellation {unknown}
Miscellaneous
 p - a lightning rod (4/4)


   Skills:
 + Level 5.7 Fighting
 - Level 4.0 Armour
 + Level 8.9 Dodging
 - Level 10.0 Stealth
 + Level 4.6 Shields
 - Level 10.0 Spellcasting
 - Level 6.0 Conjurations
 - Level 3.0 Translocations
 + Level 7.0 Transmutations
 - Level 3.0 Air Magic
 + Level 11.4 Earth Magic
 - Level 3.0 Poison Magic
 - Level 5.0 Evocations


You had 10 spell levels left.
You knew the following spells:

 Your Spells              Type           Power      Damage    Failure   Level
a - Sandblast             Erth           100%       2d20      1%          1
b - Stone Arrow           Conj/Erth      100%       3d13      1%          3
c - Passwall              Tmut/Erth      50%        N/A       1%          2
d - Mephitic Cloud        Conj/Pois/Air  37%        N/A       4%          3
e - Blink                 Tloc           64%        N/A       3%          2
f - Petrify               Tmut/Erth      61%        N/A       1%          4
g - Statue Form           Tmut/Erth      40%        N/A       26%         6

Your spell library contained the following spells:

 Spells                   Type           Power      Damage    Failure   Level
 Beastly Appendage        Tmut           100%       N/A       1%          1
 Magic Dart               Conj           100%       1d8       1%          1
 Momentum Strike          Conj/Tloc      80%        3d10      1%          2
 Wereblood                Tmut           53%        N/A       1%          2
 Spider Form              Tmut/Pois      43%        N/A       3%          3
 Ignite Poison            Fire/Tmut/Pois 33%        N/A       6%          3
 Lesser Beckoning         Tloc           64%        N/A       7%          3
 Leda's Liquefaction      Hex/Erth       23%        N/A       8%          4
 Kindle Blastsparks       Fire/Tloc/Air  52%        2d14      10%         3
 Call Imp                 Summ           14%        N/A       12%         2
 Portal Projectile        Hex/Tloc       46%        N/A       12%         3
 Call Canine Familiar     Summ           14%        N/A       22%         3
 Ozocubu's Armour         Ice            14%        N/A       22%         3
 Freezing Cloud           Conj/Ice/Air   15%        6-21      52%         5
 Metabolic Englaciation   Hex/Ice        7%         N/A       91%         5
 Simulacrum               Ice/Necr       Unusable   N/A       N/A         6

Dungeon Overview and Level Annotations

Branches:
Dungeon (15/15)            Temple (1/1) D:7            Lair (0/5) D:9
    Orc (0/2) D:11         Bailey (visited)
 Vaults: D:13-14     Depths: D:15

Altars:
Ashenzari
Cheibriados
Gozag
Hepliaklqana
Nemelex Xobeh
Okawaru
Ru
Vehumet
Wu Jian
Zin
The Shining One

Shops:
D:9 ?   D:11 (   D:12 ?

Portals:
Trove: D:11 (give +3 storm dragon scales)

Annotations:
D:7 exclusion: downstairs
D:15 exclusions: centaur and door


Message History

The stone arrow hits the brown ugly thing!
The brown ugly thing is almost dead.
The brown ugly thing is engulfed in noxious fumes.
Aiming: Stone Arrow (safe; 1% risk of failure)
Press: ? - help, Q - select action, (/) - cycle Shift-Dir - straight line, f/p - brown ugly thing
Aim: a brown ugly thing (lightly wounded, 78% to hit)
The stone arrow hits the brown ugly thing!!
You kill the brown ugly thing!
The cyan ugly thing is engulfed in noxious fumes.
The cyan ugly thing appears confused.
Your Transmutations skill increases to level 7!
Aiming: Stone Arrow (safe; 1% risk of failure)
Press: ? - help, Q - select action, (/) - cycle Shift-Dir - straight line, f/p - brown ugly thing
Aim: a brown ugly thing (lightly wounded, 78% to hit)
The stone arrow hits the brown ugly thing!
The brown ugly thing is moderately wounded.
Aiming: Stone Arrow (safe; 1% risk of failure)
Press: ? - help, Q - select action, (/) - cycle Shift-Dir - straight line, f/p - brown ugly thing
Aim: a brown ugly thing (moderately wounded, 78% to hit)
The stone arrow misses the brown ugly thing.
The brown ugly thing barely misses you.
Aiming: Stone Arrow (safe; 1% risk of failure)
Press: ? - help, Q - select action, (/) - cycle Shift-Dir - straight line, f/p - brown ugly thing
Aim: a brown ugly thing (moderately wounded, 78% to hit)
The stone arrow hits the brown ugly thing!!
The brown ugly thing is severely wounded.
The cyan ugly thing seems less confused.
The brown ugly thing stings you. The acid corrodes you!
You are splashed with acid!
* * * LOW HITPOINT WARNING * * *
Aiming: Stone Arrow (safe; 1% risk of failure)
Press: ? - help, Q - select action, (/) - cycle Shift-Dir - straight line, f/p - brown ugly thing
Aim: a brown ugly thing (severely wounded, 78% to hit)
The stone arrow hits the brown ugly thing!
The brown ugly thing is almost dead.
The brown ugly thing stings you!
* * * LOW HITPOINT WARNING * * *
The acid corrodes you!
You are splashed with acid!
You die...
Your body crumbles into a pile of gold.

$ #####..
#######.......
#...uu@.......
#.#####.......
#.# .......
#.# .......
#.# .......
#u# .......
#ยง# #######
#######u####
.#
#..........#
..#


You could see 2 ugly things.

Vanquished Creatures
  Josephine (D:12)
  2 rakshasas (D:15)
  Fannar (D:12)
  Erolcha (D:9)
  A two-headed ogre (D:10)
  A centaur warrior (D:10)
  3 boulder beetles
  Pikel (D:8)
  An orc knight (Bailey)
  3 deep elf pyromancers
  2 ugly things
  A wolf spider (D:15)
  3 manticores (D:15)
  3 cyclopes
  Joseph (D:8)
  A gargoyle (D:12)
  3 unseen horrors
  An efreet (D:15)
  2 trolls
  A tengu conjurer (D:14)
  14 slime creatures
  3 shadows
  5 wraiths
  4 yaks
  4 humans
  6 vampire mosquitoes
  A steam dragon (D:9)
  Menkaure (D:6)
  An acid dragon (D:11)
  2 water moccasins
  Duvessa (D:6)
  A sky beast (D:7)
  6 orc warriors
  3 ice beasts
  A black bear (D:6)
  3 boggarts (D:14)
  4 centaurs
  A phantom (D:7)
  A kobold brigand (D:9)
  A gnoll sergeant (D:10)
  3 necrophages
  5 bullfrogs
  2 scorpions (D:5)
  7 wights
  Dowan (D:6)
  6 killer bees (D:8)
  7 howler monkeys
  5 jellies
  Crazy Yiuf (D:7)
  A gnoll bouda (D:7)
  5 orc priests
  5 hounds
  Jessica (D:2)
  7 iguanas
  12 orc wizards
  17 gnolls
  5 adders
  A shadow imp (D:6)
  5 white imps
  2 ufetubi
  37 orcs
  4 bats
  2 endoplasms
  5 giant cockroaches
  8 goblins
  7 hobgoblins
  9 quokkas
  4 ball pythons
  5 frilled lizards
  7 kobolds
  5 rats
287 creatures vanquished.

Vanquished Creatures (others)
  A boggart (D:14)
  4 fungi (D:4)
5 creatures vanquished.

Grand Total: 292 creatures vanquished

Notes
Turn   | Place    | Note
-------+----------+-------------------------------------------
     0 | D:1      | ragingrage the Deep Elf Earth Elementalist began the quest
                  | for the Orb.
     0 | D:1      | Reached XP level 1. HP: 10/10 MP: 6/6
   390 | D:1      | Reached XP level 2. HP: 15/15 MP: 6/8
   430 | D:1      | Reached skill level 4 in Earth Magic
   718 | D:2      | Learned a level 2 spell: Passwall
   839 | D:2      | Reached XP level 3. HP: 19/19 MP: 6/9
   903 | D:2      | Reached skill level 5 in Earth Magic
   929 | D:2      | Learned a level 3 spell: Stone Arrow
  1082 | D:2      | Reached skill level 1 in Conjurations
  1082 | D:2      | Reached XP level 4. HP: 24/24 MP: 7/10
  1221 | D:2      | Noticed Jessica
  1224 | D:2      | Killed Jessica
  1366 | D:2      | Learned a level 3 spell: Mephitic Cloud
  1474 | D:3      | Found a faded altar of an unknown god.
  1474 | D:3      | Noticed an ice beast
  1767 | D:3      | Killed an ice beast
  1768 | D:3      | Reached XP level 5. HP: 28/28 MP: 3/12
  1909 | D:3      | Reached skill level 6 in Earth Magic
  1981 | D:3      | Reached XP level 6. HP: 23/32 MP: 10/14
  2129 | D:3      | Found a hazy altar of Hepliaklqana.
  2129 | D:3      | Found a snail-covered altar of Cheibriados.
  2781 | D:4      | Found a glowing golden altar of the Shining One.
  2883 | D:4      | Learned a level 2 spell: Blink
  3159 | D:5      | Entered Level 5 of the Dungeon
  3162 | D:5      | Reached skill level 5 in Spellcasting
  3162 | D:5      | Reached skill level 1 in Translocations
  3183 | D:5      | Reached XP level 7. HP: 36/36 MP: 12/16
  3479 | D:5      | Reached skill level 7 in Earth Magic
  4057 | D:5      | Reached XP level 8. HP: 41/41 MP: 16/19
  4289 | D:6      | Reached skill level 5 in Conjurations
  4543 | D:6      | Noticed Dowan
  5052 | D:6      | Noticed Menkaure
  5054 | D:6      | Killed Menkaure
  5055 | D:6      | Reached skill level 8 in Earth Magic
  5169 | D:6      | Noticed Duvessa
  5170 | D:6      | Reached skill level 5 in Stealth
  5235 | D:6      | Killed Duvessa
  5237 | D:6      | Killed Dowan
  5664 | D:7      | Reached XP level 9. HP: 45/45 MP: 20/23
  6321 | D:7      | Found an iron altar of Okawaru.
  6359 | D:7      | Found an opulent altar of Gozag.
  6425 | D:7      | Found a runed translucent door.
  6426 | D:7      | Noticed Crazy Yiuf
  6430 | D:7      | Killed Crazy Yiuf
  6431 | D:7      | Reached skill level 1 in Poison Magic
  6549 | D:7      | Became a worshipper of Gozag Ym Sagoz the Greedy
  6587 | D:8      | Noticed Joseph
  6592 | D:7      | Reached skill level 1 in Air Magic
  6795 | D:7      | Found a staircase to the Ecumenical Temple.
  6800 | Temple   | Entered the Ecumenical Temple
  7329 | D:8      | Killed Joseph
  7330 | D:8      | Reached skill level 9 in Earth Magic
  7504 | D:8      | Found an opulent altar of Gozag.
  7746 | D:8      | Noticed Pikel
  7756 | D:8      | Killed Pikel
  7908 | D:8      | Reached XP level 10. HP: 50/50 MP: 25/25
  8211 | D:8      | Found a sparkling altar of Nemelex Xobeh.
  8261 | D:8      | Learned a level 4 spell: Petrify
  8584 | D:8      | Reached skill level 1 in Evocations
  8629 | D:9      | Found Teabodgh's Magic Scroll Shop.
  8632 | D:9      | Bought a scroll of fog for 52 gold pieces
  8632 | D:9      | Bought a scroll of poison for 52 gold pieces
  8632 | D:9      | Bought a scroll of fear for 52 gold pieces
  8685 | D:9      | Reached skill level 10 in Earth Magic
  8688 | D:9      | Reached skill level 1 in Fighting
  8688 | D:9      | Reached skill level 10 in Spellcasting
  8822 | D:9      | Found a flagged portal.
  8840 | Bailey   | Entered a bailey
  8874 | Bailey   | Reached skill level 1 in Armour
  8915 | Bailey   | Found a large runed translucent door.
  8915 | Bailey   | Found a large runed translucent door.
  9011 | Bailey   | Noticed an orc knight
  9031 | Bailey   | Killed an orc knight
  9127 | Bailey   | Noticed a deep elf pyromancer
  9258 | Bailey   | Killed a deep elf pyromancer
  9271 | Bailey   | Identified the amulet "Ischis" {Acrobat Int+3 Dex+7}
  9360 | D:9      | Found a staircase to the Lair.
  9852 | D:9      | Noticed Erolcha
  9859 | D:9      | Killed Erolcha
  9860 | D:9      | Reached XP level 11. HP: 59/59 MP: 24/27
 10160 | D:10     | Entered Level 10 of the Dungeon
 10290 | D:10     | Reached skill level 5 in Dodging
 10387 | D:10     | Found a glowing silver altar of Zin.
 10397 | D:10     | Noticed a two-headed ogre
 10401 | D:10     | Killed a two-headed ogre
 10917 | D:10     | Noticed a centaur warrior
 10924 | D:10     | Killed a centaur warrior
 11136 | D:11     | Identified the +4 leather armour of Leaves {rF+ rN+}
 11165 | D:11     | Found Okaewn's Antique Weapon Shoppe.
 11357 | D:11     | Found a staircase to the Orcish Mines.
 11620 | D:11     | Reached skill level 1 in Shields
 11912 | D:11     | Found a portal to a secret trove of treasure.
 12015 | D:11     | Noticed a brown ugly thing
 12021 | D:11     | Killed a brown ugly thing
 12324 | D:12     | Noticed a boulder beetle
 12334 | D:12     | Killed a boulder beetle
 12484 | D:12     | Learned a level 6 spell: Statue Form
 12611 | D:12     | Reached skill level 5 in Evocations
 12649 | D:12     | Reached skill level 10 in Stealth
 12840 | D:12     | Noticed Josephine
 12849 | D:12     | Killed Josephine
 13834 | D:12     | Reached XP level 12. HP: 56/67 MP: 22/28
 13911 | D:12     | Reached skill level 5 in Transmutations
 14486 | D:12     | Noticed a boulder beetle
 14494 | D:12     | Killed a boulder beetle
 14573 | D:12     | Noticed Fannar
 14596 | D:12     | Killed Fannar
 15019 | D:12     | Found Qoirared's Magic Scroll Shoppe.
 15027 | D:12     | Bought a scroll of blinking for 90 gold pieces
 15027 | D:12     | Bought a scroll of blinking for 90 gold pieces
 15075 | D:13     | Noticed a boulder beetle
 15087 | D:13     | Killed a boulder beetle
 15118 | D:13     | Noticed a centaur warrior
 15253 | D:13     | Reached skill level 5 in Fighting
 15407 | D:13     | You fall into a shaft and drop 2 floors!
 15407 | D:15     | Entered Level 15 of the Dungeon
 15564 | D:15     | Reached skill level 11 in Earth Magic
 16345 | D:15     | Noticed a centaur warrior
 16386 | D:15     | Noticed a tengu warrior
 16474 | D:15     | Noticed a rakshasa
 16478 | D:15     | Noticed a rakshasa
 16479 | D:15     | Killed a rakshasa
 16485 | D:15     | Killed a rakshasa
 16738 | D:14     | Noticed a centaur warrior
 16867 | D:14     | Found a broken altar of Ashenzari.
 16906 | D:14     | Noticed a centaur warrior
 16910 | D:14     | Noticed a centaur warrior
 16933 | D:14     | HP: 3/69 [brown ugly thing (12)]
 16933 | D:14     | Splashed by a brown ugly thing's acid

Illustrated notes

Levels and vault maps discovered:
D:1:      dpeg_arrival_arbitrary_b, layout_basic, minmay_misc_feat_more_columns
D:2:      layout_loops_ring, uniq_jessica
D:3:      minmay_spotlight, layout_basic, gammafunk_temple_overflow_pools,
          ebering_ecumenical_altar_abandoned
D:4:      layout_basic, lemuel_doored_altar, serial_aquarium,
          aquarium_bridge_straight [aquarium_subvault_bridge,
          aquarium_subvault_window, aquarium_subvault_bridge,
          aquarium_subvault_window], aquarium_bridge_square
          [aquarium_subvault_bridge, aquarium_subvault_wall,
          aquarium_subvault_bridge, aquarium_subvault_wall],
          aquarium_window_corner, aquarium_window_1, aquarium_window_1,
          aquarium_window_fake, aquarium_view_2g, aquarium_pool_1
D:5:      layout_loops_cross, minivault_25
D:6:      layout_loops_corners, uniq_menkaure, uniq_duvessa
D:7:      layout_loops_ring, lemuel_tele_altar, kennysheep_okawaru_gauntlet,
          temple_doors_cd, uniq_crazy_yiuf_cottage
D:8:      layout_loops_corners, hangedman_feature_mirror, uniq_pikel,
          uniq_joseph
D:9:      layout_roguey, dpeg_oklobed_lair, serial_shops, shop_fountains,
          enter_bailey_4, uniq_erolcha
D:10:     layout_roguey, zin_academy
D:11:     layout_roguey, david_orc_3, trove_entry_hex_spiral, serial_shops,
          nicolae_stop_n_shop_2
D:12:     layout_gridville, serial_shops, nicolae_shop_hallway_stairs,
          uniq_josephine, uniq_fannar
D:13:     layout_grid_maze, grunt_vaults_entry_tiered, minivault_23
D:14:     layout_basic, nicolae_ashenzari_skybound
D:15:     grunt_enter_depths_snipers, layout_gridville, kennysheep_flooded_box,
          nicolae_burly_brawl
Temple:   kb_temple_of_zot

Skill      XL: |  1  2  3  4  5  6  7  8  9 10 11 12 |
---------------+-------------------------------------+-----
Earth Magic    | 4 5 6 7 8 9 10 11 | 11.4
Conjurations   | 1 2 3 4 6 |  6.0
Spellcasting   | 4 5 6 8 9 10 | 10.0
Translocations | 1 3 |  3.0
Stealth        | 5 7 9 10 | 10.0
Poison Magic   | 3 |  3.0
Air Magic      | 3 |  3.0
Evocations     | 3 5 |  5.0
Fighting       | 2 4 5 |  5.7
Dodging        | 4 7 8 |  8.9
Armour         | 2 4 |  4.0
Transmutations | 3 4 7 |  7.0
Shields        | 2 4 |  4.6

Action                   |  1- 3 |  4- 6 |  7- 9 | 10-12 || total
-------------------------+-------+-------+-------+-------++-------
Melee: Unarmed           |     1 |       |       |    12 ||    13
       Dagger            |       |     1 |     6 |    32 ||    39
Throw: Dart              |       |       |       |    11 ||    11
 Cast: Sandblast         |    34 |    65 |   104 |    27 ||   230
       Stone Arrow       |       |     2 |    43 |   331 ||   376
       Mephitic Cloud    |       |       |     2 |     2 ||     4
       Petrify           |       |       |       |     1 ||     1
       Blink             |       |       |       |     1 ||     1
Invok: Potion Petition   |       |       |       |     1 ||     1
Evoke: Wand              |       |       |       |     1 ||     1
  Use: Scroll            |       |       |     4 |     8 ||    12
 Stab: Petrified         |       |       |       |     5 ||     5
Armor: Robe              |     3 |     5 |    10 |       ||    18
       Leather armour    |       |       |       |    50 ||    50
       Skin              |       |       |       |    32 ||    32
Dodge: Dodged            |     5 |     7 |    36 |    89 ||   137
Block: Buckler           |       |       |       |    27 ||    27

Table legend: (Time is in decaauts)
 A = Elapsed time spent in this place.
 B = Non-inter-level travel time spent in this place.
 C = Inter-level travel time spent in this place.
 D = Time resting spent in this place.
 E = Time spent auto-exploring this place.
 F = Levels seen in this place.
 G = Mean time per level.
                   A        B        C        D        E       F      G
               +--------+--------+--------+--------+--------+-----+--------+
         Total |  17073 |  16423 |    650 |   4408 |   9295 |  17 | 1004.3 |
       Dungeon |  16578 |  15928 |    650 |   4267 |   9109 |  15 | 1105.2 |
        Temple |      1 |      1 |      0 |      0 |      0 |   1 |    1.0 |
        Bailey |    493 |    493 |      0 |    141 |    186 |   1 |  493.0 |
               +--------+--------+--------+--------+--------+-----+--------+

Top non-repeatable levels by time:
    D:12: 2492 daAuts
     D:7: 1671 daAuts
     D:6: 1527 daAuts
    D:11: 1519 daAuts
     D:8: 1249 daAuts
    D:15: 1196 daAuts
     D:9: 1151 daAuts
     D:3: 1053 daAuts
     D:5: 984 daAuts
    D:10: 972 daAuts
     D:2: 774 daAuts
     D:1: 709 daAuts
     D:4: 666 daAuts
  Bailey: 493 daAuts
    D:14: 333 daAuts
